 Dungeon Sprint DCSS version 0.29-a0-512-gf59ac788ac (webtiles) character file.

Game seed: 4007282427582302663

5532 mhtbhm the Grappler (level 10, -9/77 HPs)
             Began as a Demigod Transmuter on May 29, 2022.
             Mangled by Agnes
             ... wielding a +2 spectral lajatang
              (38 damage)
             ... in the Dungeon (Sprint IV: "Fedhas' Mad Dash").
             The game lasted 00:06:33 (3142 turns).

mhtbhm the Grappler (Demigod Transmuter)            Turns: 3142, Time: 00:06:33

Health: -9/77      AC:  3    Str: 23    XL:     10   Next: 20%
Magic:  14/27      EV: 14    Int: 18    God:
Gold:   250        SH:  0    Dex: 14    Spells: 4/26 levels left

rFire   . . .      SeeInvis +     - Unarmed
rCold   . . .      Faith    .   (shield currently unavailable)
rNeg    . . .      Spirit   .   a - +0 robe {Will+}
rPois   .          Reflect  .   d - +0 helmet {Int+3}
rElec   .          Harm     .   (no cloak)
rCorr   .          Rampage  .   (gloves currently unavailable)
Will    ++...      NoTele   +   (no boots)
Stlth   +++++.....              g - amulet of invisibility {+Inv}
HPRegen 0.22/turn               l - ring of see invisible
MPRegen 0.20/turn               (no ring)

@: blade hands (expiring), very slightly contaminated, hasted, very quick
A: high MP 1, forlorn, divine attributes
a: End Transformation, Evoke Invisibility


You were in the Dungeon.
You had blades for hands.
You visited 1 branch You collected 250 gold pieces.

Inventory:

Missiles
 i - 3 silver javelins (quivered)
Armour
 a - a +0 robe of willpower (worn)
 d - a +0 helmet of intelligence (worn)
Jewellery
 g - the amulet of invisibility (around neck) {+Inv}
   (You found it in the Dungeon)

   [amulet of nothing]

   +Inv:      It lets you turn invisible.
 h - the necklace of Bloodlust {*Rage Will++ Int-3 Slay+6}
   (You found it in the Dungeon)

   [amulet of nothing]

   It extends the wearer's berserk rage when killing foes.
   Int:       It affects your intelligence (-3).
   Slay:      It affects your accuracy & damage with ranged weapons and melee
   (+6).
   *Rage:     It berserks you when you make melee attacks (+50% chance).
   Will:      It greatly increases your willpower.
 l - a ring of see invisible (left blade hand)
Scrolls
 c - a scroll of enchant weapon {unknown}
 j - a scroll of amnesia {unknown}
 k - a scroll of poison {unknown}
Potions
 b - 3 potions of lignification
 e - a potion of haste
 f - 2 potions of magic


   Skills:
 + Level 3.0 Fighting
 + Level 5.9 Dodging
 + Level 11.3 Stealth
 + Level 12.6 Unarmed Combat
 * Level 8.8 Spellcasting
 * Level 8.4 Transmutations
 + Level 2.8 Ice Magic
 - Level 3.0 Poison Magic
 + Level 8.2 Evocations


You had 4 spell levels left.
You knew the following spells:

 Your Spells              Type           Power      Damage    Failure   Level
a - Beastly Appendage     Tmut           76%        N/A       10%         1
b - Wereblood             Tmut           38%        N/A       11%         2
c - Spider Form           Tmut/Pois      28%        N/A       24%         3
d - Ice Form              Ice/Tmut       28%        N/A       43%         4
e - Blade Hands           Tmut           19%        N/A       41%         5
f - Dragon Form           Tmut           19%        N/A       99%         7

Your spell library contained the following spells:

 Spells                   Type           Power      Damage    Failure   Level
 Ozocubu's Armour         Ice            18%        N/A       43%         3
 Tukima's Dance           Hex            7%         N/A       69%         3
 Passage of Golubria      Tloc           7%         N/A       94%         4
 Irradiate                Conj/Tmut      11%        3d17      82%         5
 Yara's Violent Unravell  Hex/Tmut       11%        3d6       82%         5
 Ozocubu's Refrigeration  Ice            9%         4d6       100%        7


Dungeon Overview and Level Annotations

Branches:
Dungeon (1/1)

Shops:
D ?[=([*

Annotations:
D Agnes


Innate Abilities, Weirdness & Mutations

You have blades for hands.
Your spellcasting is less reliable in this form.
You are incapable of wielding weapons or throwing items.
You have an increased reservoir of magic. (+10% MP)
You shall have no god before yourself.
Your divine heritage dramatically boosts your attributes as you level up.


Message History

Aim: Agnes, wielding a +2 spectral lajatang and wearing a +2 robe of willpower (asleep, 98% to hit)
You throw a silver javelin.
The silver javelin pierces through Agnes.
Agnes shouts!
Agnes is lightly wounded.
Casting: Blade Hands (dangerous; 8% risk of failure)
Confirm with . or Enter, or press ? or * to list all spells.
You turn into a creature of crystalline ice.
Your +0 helmet of intelligence melds into your body.
Your +0 robe of willpower melds into your body.
You feel stupid.
You feel less strong-willed.
Casting: Ice Form (dangerous; 11% risk of failure)
Confirm with . or Enter, or press ? or * to list all spells.
You miscast Blade Hands.
You are very lightly contaminated with residual magic.
You feel very strange.
Agnes hits you with a +2 spectral lajatang!
Unknown command.
Casting: Blade Hands (dangerous; 10% risk of failure)
Confirm with . or Enter, or press ? or * to list all spells.
You warm up again.
Your +0 helmet of intelligence unmelds from your body.
Your +0 robe of willpower unmelds from your body.
You feel clever.
You feel strong-willed.
Your hands turn into razor-sharp scythe blades.
Agnes hits you with a +2 spectral lajatang!
Agnes hits you with a +2 spectral lajatang!!
Unknown command.
Okay, then.
You feel yourself speed up. Agnes completely misses you.
Agnes closely misses you.
Unknown command.
There is an open door here.
Okay, then.
You slash Agnes!
Agnes is lightly wounded.
Agnes hits you with a +2 spectral lajatang!!!
You die...

################################
.⌠._._._._.⌠.#.[)...#....##∩##.#
.._._._._._..'.)#...#....'..##'#
..._._._._...#..###'##.[.##∩#..##
.._._._._._..#.(##∩∩.'...#####...
._._._._._.⌠.#################...
##################......###..)..♣
♣♣♣♣♣..♣.###.'.(@......('.').)♣..
.....♣..♣##..#.i#.P.....#########
..♣♣♣.♣).###.##'##.P....#
♣♣.)♣...♣'...#♣.♣########
############... ♣.. .... ♣...
#####


You could see Agnes.

Vanquished Creatures
  A spriggan druid (D)
  6 oklob plants (D)
  A demonic crawler (D)
  3 burning bushes (D)
  A hornet (D)
  A queen bee (D)
  3 wandering mushrooms (D)
  3 scorpions (D)
  4 killer bees (D)
  5 oklob saplings (D)
  5 spriggans (D)
  A river rat (D)
  A rat (D)
  A ballistomycete spore (D)
36 creatures vanquished.

Notes
Turn   | Place    | Note
-------+----------+-------------------------------------------
     0 | D        | mhtbhm the Demigod Transmuter began the quest for the Orb.
     0 | D        | Reached XP level 1. HP: 15/15 MP: 5/5
    20 | D        | Reached skill level 1 in Fighting
    20 | D        | Reached skill level 3 in Unarmed Combat
    75 | D        | Noticed an oklob sapling
    76 | D        | Killed an oklob sapling
    77 | D        | Reached skill level 4 in Unarmed Combat
    77 | D        | Reached XP level 2. HP: 23/23 MP: 6/8
    77 | D        | Reached XP level 3. HP: 28/28 MP: 7/10
    78 | D        | Noticed a scorpion
    78 | D        | Found the amulet of invisibility {+Inv}
    83 | D        | Killed a scorpion
    84 | D        | Reached skill level 6 in Unarmed Combat
    84 | D        | Reached XP level 4. HP: 35/35 MP: 8/12
   249 | D        | Learned a level 2 spell: Wereblood
   253 | D        | Learned a level 3 spell: Spider Form
   258 | D        | Learned a level 4 spell: Ice Form
   278 | D        | Reached skill level 7 in Unarmed Combat
   444 | D        | Reached skill level 1 in Stealth
   444 | D        | Reached skill level 1 in Evocations
   444 | D        | Reached XP level 5. HP: 29/40 MP: 9/14
   641 | D        | Reached skill level 8 in Unarmed Combat
   641 | D        | Reached skill level 5 in Spellcasting
   808 | D        | Found Cixzia's Armour Shop.
   808 | D        | Found Wep Nevau's Magic Scroll Emporium.
   895 | D        | Noticed a queen bee
   899 | D        | Reached skill level 5 in Transmutations
   899 | D        | Reached skill level 1 in Poison Magic
   899 | D        | Reached XP level 6. HP: 47/47 MP: 11/17
   910 | D        | Killed a queen bee
   911 | D        | Reached skill level 9 in Unarmed Combat
   911 | D        | Reached XP level 7. HP: 27/55 MP: 12/19
   912 | D        | Reached skill level 5 in Stealth
  1100 | D        | Noticed an oklob plant
  1105 | D        | Killed an oklob plant
  1106 | D        | Reached skill level 1 in Ice Magic
  1106 | D        | Reached skill level 5 in Evocations
  1195 | D        | Noticed a burning bush
  1207 | D        | Killed a burning bush
  1208 | D        | Reached skill level 10 in Unarmed Combat
  1208 | D        | Reached XP level 8. HP: 53/62 MP: 19/21
  1268 | D        | Noticed a burning bush
  1268 | D        | Noticed an oklob plant
  1269 | D        | Noticed a wandering mushroom
  1269 | D        | Found the necklace of Bloodlust {*Rage Will++ Int-3 Slay+6}
  1271 | D        | Killed a burning bush
  1776 | D        | Killed an oklob plant
  1777 | D        | Reached skill level 5 in Dodging
  1916 | D        | Noticed a burning bush
  1916 | D        | Noticed a wandering mushroom
  1917 | D        | Noticed a wandering mushroom
  1923 | D        | HP: 3/62 [burning bush/puff of flame (17)]
  2291 | D        | Reached skill level 11 in Unarmed Combat
  2331 | D        | Killed a wandering mushroom
  2332 | D        | Reached XP level 9. HP: 52/68 MP: 18/23
  2352 | D        | Found Kaelul Umapn's Weapon Emporium.
  2352 | D        | Found Luixkedd's Jewellery Shoppe.
  2365 | D        | Learned a level 5 spell: Blade Hands
  2377 | D        | Learned a level 7 spell: Dragon Form
  2525 | D        | Noticed a spriggan druid
  2527 | D        | Killed a spriggan druid
  2576 | D        | Noticed an oklob plant conjurer
  2579 | D        | Killed an oklob plant conjurer
  2580 | D        | Reached skill level 10 in Stealth
  2781 | D        | Noticed an oklob plant
  2781 | D        | Noticed an oklob plant summoner
  2782 | D        | Noticed an oklob plant shifter
  2789 | D        | Killed an oklob plant
  2794 | D        | Killed an oklob plant summoner
  2795 | D        | Reached skill level 12 in Unarmed Combat
  2799 | D        | Killed an oklob plant shifter
  2926 | D        | Noticed a demonic crawler
  2928 | D        | Killed a demonic crawler
  2930 | D        | Noticed a spriggan rider
  2931 | D        | Found Luguazxa's Antique Armour Emporium.
  2933 | D        | Reached XP level 10. HP: 77/77 MP: 21/26
  2937 | D        | Killed a spriggan rider
  2940 | D        | Found Ocvoh's Assorted Antiques.
  3135 | D        | Noticed Agnes
  3142 | D        | Mangled by Agnes

Illustrated notes

Levels and vault maps discovered:
D:        dungeon_sprint_fedhas [sprint_temple]

Skill      XL: |  1  2  3  4  5  6  7  8  9 10 |
---------------+-------------------------------+-----
Fighting       | 1 2 3 |  3.0
Dodging        | 2 3 4 5 |  5.9
Unarmed Combat | 4 6 7 8 9 10 11 12 | 12.6
Spellcasting   | 2 3 4 5 6 7 8 |  8.8
Transmutations | 2 3 4 5 6 8 |  8.4
Stealth        | 1 3 4 7 9 10 11 | 11.3
Evocations     | 1 2 4 5 6 8 |  8.2
Poison Magic   | 1 2 3 |  3.0
Ice Magic      | 1 2 |  2.8

Action                   |  1- 3 |  4- 6 |  7- 9 | 10-12 || total
-------------------------+-------+-------+-------+-------++-------
Melee: Unarmed           |    12 |    30 |    89 |     5 ||   136
       Kick              |     3 |       |     5 |       ||     8
       Headbutt          |       |       |     3 |       ||     3
       Punch             |       |       |     3 |       ||     3
Throw: Javelin           |       |       |       |     1 ||     1
 Cast: Beastly Appendage |     3 |       |     2 |       ||     5
       Spider Form       |       |     4 |     3 |       ||     7
       Ice Form          |       |     1 |     5 |     1 ||     7
       Wereblood         |       |       |     1 |       ||     1
       Blade Hands       |       |       |     2 |     1 ||     3
 Abil: Evoke Invisibilit |       |     4 |     7 |       ||    11
  Use: Potion            |     1 |     1 |     2 |     1 ||     5
       Scroll            |       |       |     1 |       ||     1
 Stab: Sleeping          |       |     3 |    10 |       ||    13
       Invisible         |       |     3 |    13 |       ||    16
Armor: Robe              |     1 |       |       |       ||     1
       Skin              |       |     2 |       |       ||     2
Dodge: Dodged            |     5 |    21 |    34 |     4 ||    64

Table legend: (Time is in decaauts)
 A = Elapsed time spent in this place.
 B = Non-inter-level travel time spent in this place.
 C = Inter-level travel time spent in this place.
 D = Time resting spent in this place.
 E = Time spent auto-exploring this place.
 F = Levels seen in this place.
 G = Mean time per level.
                   A        B        C        D        E       F      G
               +--------+--------+--------+--------+--------+-----+--------+
         Total |   3131 |   3131 |      0 |   2394 |      0 |   1 | 3131.0 |
       Dungeon |   3131 |   3131 |      0 |   2394 |      0 |   1 | 3131.0 |
               +--------+--------+--------+--------+--------+-----+--------+

Top non-repeatable levels by time:
       D: 3131 daAuts
